 Dungeon Crawl Stone Soup version 0.32-a0-699-g1ee5eff69a (webtiles) character file.

Game seed: 8005748441606051208

107 Midn8 the Shooter (level 4, -3/33 HPs)
             Began as a Coglin Hunter on Mar 13, 2024.
             Was an Initiate of Hepliaklqana.
             Slain by a sky beast (6 damage)
             ... on level 4 of the Dungeon.
             The game lasted 00:04:19 (1864 turns).

Midn8 the Shooter (Coglin Hunter)                   Turns: 1864, Time: 00:04:20

Health: -3/33      AC:  3    Str: 11    XL:     4   Next: 85%
Magic:  4/4        EV: 11    Int:  9    God:    Hepliaklqana [......]
Gold:   98         SH:  0    Dex: 19    Spells: 3/3 levels left

rFire   . . .        a - +2 sling {Rubén}
rCold   . . .        d - +0 sling {Zorawar}
rNeg    . . .        c - +0 leather armour
rPois   .            (no helmet)
rElec   .            (no cloak)
rCorr   .            (no gloves)
SInv    .            (no boots)
Will    .....        (amulet unavailable)
Stlth   ++           (ring unavailable)
HPRegen 0.25/turn    (ring unavailable)
MPRegen 0.09/turn    (no gizmo)

%: no passive effects
@: revving
A: off-hand wielding, slow wielding, warmup strikes, no jewellery
a: Invent Gizmo, Renounce Religion


You were on level 4 of the Dungeon.
You worshipped Hepliaklqana.
Hepliaklqana was noncommittal.
You visited 1 branch of the dungeon, and saw 4 of its levels.

You collected 98 gold pieces.

Inventory:

Hand Weapons
 a - a +2 sling (weapon) {Rubén}
 d - a +0 sling (offhand) {Zorawar}
Armour
 c - a +0 leather armour (worn)
Scrolls
 b - a scroll of butterflies
 f - a scroll of immolation {unknown}
 h - a scroll of teleportation {unknown}
 i - a scroll of revelation {unknown}
 j - 2 scrolls of identify {unknown}
Potions
 e - a potion of heal wounds {unknown}
 g - a potion of lignification {unknown}
 k - a potion of invisibility {unknown}
 l - a potion of resistance {unknown}
 m - a potion of haste {unknown}
 n - a potion of ambrosia {unknown}


   Skills:
 - Level 2.0 Fighting
 + Level 5.5 Ranged Weapons
 - Level 1.7 Dodging
 - Level 0.7 Stealth


You had 3 spell levels left.
You didn't know any spells.
Your spell library was empty.

Dungeon Overview and Level Annotations

Branches:
Dungeon (4/15)
 Temple: D:4-7

Altars:
Hepliaklqana

Shops:
D:1 =


Innate Abilities, Weirdness & Mutations

You can wield a second weapon in your off-hand.
It takes a long time for you to wield or remove held weapons.
Your first few attacks do less damage.
You cannot equip rings or amulets.


Message History

You shoot a sling bullet.
The sling bullet barely misses the sky beast.
Fire: a) +2 sling {Rubén}
Press: ? - help, Q - select action Shift-Dir - straight line, f/p - sky beast
Aim: a sky beast (54% to hit)
You shoot a sling bullet.
The sling bullet closely misses the sky beast.
You shoot a sling bullet. The sling bullet misses the sky beast.
You shoot a sling bullet.
The sling bullet barely misses the sky beast.
You shoot a sling bullet.
The sling bullet hits the sky beast but does no damage.
The sky beast hits you but does no damage.
The sky beast flickers out of sight!
Deactivating autopickup; reactivate with Ctrl-A.
Something hits you. Something shocks you.
You shoot a sling bullet. x2
Reactivating autopickup.
A sky beast appears from thin air!
The sky beast hits you. The sky beast shocks you.
Unknown command.
You shoot a sling bullet.
The sling bullet hits the sky beast but does no damage.
You shoot a sling bullet. The sling bullet hits the sky beast.
The sky beast is moderately wounded.
The sky beast flickers out of sight!
Deactivating autopickup; reactivate with Ctrl-A.
Something hits you but does no damage.
You shoot a sling bullet. x2; Something hits you.
Something shocks you.
Unknown command.
You shoot a sling bullet. x2; Something hits you.
Something shocks you.
* * * LOW HITPOINT WARNING * * *
Unknown command.
You shoot a sling bullet. x2
Reactivating autopickup.
A sky beast appears from thin air!
The sky beast hits you.
* * * LOW HITPOINT WARNING * * *
The sky beast shocks you.
You die...
Hepliaklqana delivers you to your ancestors.

#..
#.#
#.#
#.#
#.#
#.#
#.#
#@#
#Y# #
#.#
#.#.#
#..<#
#.###
#. #


You could see a sky beast.

Vanquished Creatures
  An orc priest (D:3)
  3 adders
  A dart slug (D:3)
  2 ribbon worms
  3 orcs (D:3)
  3 ball pythons (D:1)
  3 endoplasms
  3 giant cockroaches
  5 goblins
  4 hobgoblins
  2 jackals (D:1)
  A kobold (D:1)
  2 quokkas
  A bat (D:1)
  2 frilled lizards
  3 rats (D:2)
39 creatures vanquished.

Notes
Turn   | Place    | Note
-------+----------+-------------------------------------------
     0 | D:1      | Midn8 the Coglin Hunter began the quest for the Orb.
     0 | D:1      | Reached XP level 1. HP: 16/16 MP: 1/1
    79 | D:1      | Found a faded altar of an unknown god.
   113 | D:1      | Found Isoidd's One-of-a-Kind Rings.
   131 | D:1      | Reached skill level 4 in Ranged Weapons
   131 | D:1      | Reached XP level 2. HP: 22/22 MP: 2/2
   534 | D:2      | Reached XP level 3. HP: 27/27 MP: 3/3
   589 | D:2      | Identified the +6 dagger of Dithmenos's Reproof {flame,
                  | rElec rF+ rC- SInv}
  1167 | D:3      | Reached skill level 5 in Ranged Weapons
  1167 | D:3      | Reached XP level 4. HP: 33/33 MP: 4/4
  1473 | D:3      | Found a hazy altar of Hepliaklqana.
  1481 | D:3      | Became a worshipper of Hepliaklqana the Forgotten
  1780 | D:4      | Noticed a sky beast
  1864 | D:4      | Slain by a sky beast

Illustrated notes

Levels and vault maps discovered:
D:1:      lemuel_arrival_muddy, layout_rooms,
          dreamdust_ecumenical_altar_sealed_demon, nicolae_shop_unique_rings
D:2:      layout_loops_ring
D:3:      layout_basic, nicolae_hepliaklqana_hazy_memory, minmay_parallelograms
D:4:      nicolae_cairo_tiling, layout_loops_ring, nicolae_take_the_stairs,
          uniq_blork_the_orc

Skill      XL: |  1  2  3 |
---------------+----------+-----
Ranged Weapons | 4 5 |  5.5
Fighting       | |  2.0
Dodging        | |  1.7
Stealth        | |  0.7

Action                     |  1- 3 |  4- 6 || total
---------------------------+-------+-------++-------
   Fire: Sling             |   134 |    64 ||   198
 Armour: Leather armour    |     6 |     7 ||    13
  Dodge: Dodged            |     7 |     1 ||     8

Table legend: (Time is in decaauts)
 A = Elapsed time spent in this place.
 B = Non-inter-level travel time spent in this place.
 C = Inter-level travel time spent in this place.
 D = Time resting spent in this place.
 E = Time spent auto-exploring this place.
 F = Levels seen in this place.
 G = Mean time per level.
                   A        B        C        D        E       F      G
               +--------+--------+--------+--------+--------+-----+--------+
         Total |   1885 |   1722 |    163 |     96 |   1386 |   4 |  471.2 |
       Dungeon |   1885 |   1722 |    163 |     96 |   1386 |   4 |  471.2 |
               +--------+--------+--------+--------+--------+-----+--------+

Top non-repeatable levels by time:
     D:3: 745 daAuts
     D:2: 653 daAuts
     D:1: 472 daAuts
     D:4: 14 daAuts
